 Dungeon Crawl Stone Soup version 0.30-a0-618-gd6c86c23d0 (webtiles) character file.

Game seed: 3883559961111582443

75 NinjaNoafa the Shooter (level 4, -1/35 HPs)
             Began as a Barachi Hunter on Jan 10, 2023.
             Slain by a goblin
             ... wielding a +0 club
             ... led by Robin
              (5 damage)
             ... on level 2 of the Dungeon.
             The game lasted 00:04:30 (804 turns).

NinjaNoafa the Shooter (Barachi Hunter)              Turns: 804, Time: 00:04:30

Health: -1/35      AC:  6    Str: 12    XL:     4   Next: 31%
Magic:  4/4        EV: 12    Int:  9    God:
Gold:   116        SH:  0    Dex: 18    Spells: 3/3 levels left

rFire   . . .      SeeInvis .    (no weapon)
rCold   . . .      Faith    .    (no shield)
rNeg    . . .      Spirit   .    c - +0 leather armour
rPois   .          Reflect  .    (no helmet)
rElec   .          Harm     .    (no cloak)
rCorr   .          Rampage  .    k - +2 pair of gloves
Will    .....                    (no boots)
Stlth   ++                       (no amulet)
HPRegen 0.25/turn                (no ring)
MPRegen 0.09/turn                (no ring)

@: lethally poisoned (-1 -> -8), unable to hop, on berserk cooldown, slowed,
very slow
A: amphibious, slowness 1, strong legs 1, +LOS
a: Hop


You were on level 2 of the Dungeon.
You visited 1 branch of the dungeon, and saw 2 of its levels.

You collected 116 gold pieces.

Inventory:

Hand Weapons
 a - a +0 shortbow
Missiles
 d - 14 poisoned darts
Armour
 c - a +0 leather armour (worn)
 k - a +2 pair of gloves (worn)
Jewellery
 i - a ring of ice
Wands
 p - a wand of flame (12)
Scrolls
 b - a scroll of immolation
 e - 2 scrolls of vulnerability {unknown}
 g - a scroll of amnesia {unknown}
 j - a scroll of noise {unknown}
 l - 2 scrolls of brand weapon {unknown}
 n - a scroll of fog {unknown}
Potions
 f - a potion of ambrosia {unknown}
 h - a potion of berserk rage
 m - a potion of lignification {unknown}
 o - a potion of curing {unknown}


   Skills:
 + Level 3.1 Fighting
 + Level 4.7 Ranged Weapons
 + Level 1.0 Armour
 + Level 2.6 Dodging
 * Level 1.9 Stealth


You had 3 spell levels left.
You didn't know any spells.
Your spell library contained the following spells:

 Spells                   Type           Power      Damage    Failure   Level
 Shock                    Conj/Air       0%         1d3       45%         1
 Swiftness                Air            0%         N/A       83%         3
 Airstrike                Air            0%         2d(0-16)  99%         4


Dungeon Overview and Level Annotations

Branches:
Dungeon (2/15)

Altars:

Annotations:
D:2 Robin


Innate Abilities, Weirdness & Mutations

You are amphibious.
You cover ground slowly.
You can hop short distances.
You have an extended range of vision and can be seen from far away.


Message History

You are poisoned.
Robin throws the goblin at you! The goblin closely misses you.
The goblin barely misses you. The goblin misses you.
The goblin hits you with a +0 dagger of venom.
You are more poisoned.
You shoot an arrow. The arrow hits the goblin!
You kill the goblin!
You feel extremely sick. The goblin misses you.
The goblin hits you with a +0 club. The goblin hits you but does no damage.
You are lethally poisoned!
Robin roars a battlecry!
The goblins go into a battle-frenzy!
Hop to where?
Press: ? - help, Dir - move target
Found a book of Spatial Translocations and 15 gold pieces.
Boing!
You feel very sick.
It was a potion of berserk rage.
A red film seems to cover your vision as you go berserk!
You feel yourself moving faster!
You feel mighty!
You feel very sick.
You are now empty-handed.
You feel a strong urge to attack something.
Okay, then.
You feel very sick.
You feel your anger nearly subside.
You are no longer berserk.
You are exhausted.
You feel yourself slow down.
* * * LOW HITPOINT WARNING * * *
You feel sick. The goblin closely misses you.
The goblin hits you but does no damage.
You hit the goblin.
The goblin is severely wounded.
* * * LOW HITPOINT WARNING * * *
You feel very sick. The goblin hits you with a +0 club.
* * * LOW HITPOINT WARNING * * *
The goblin hits you with a +0 club.
You die...

......gg.....##
....gg..#.##..# #.
...S..###.##..# #.
....g...S.....######## #.
##.....ggg............ ..
......JgJ####.######.# #.
.#####.#g# #.# #.###.
...#g# #.# #.#...
#########@# #.## #.#...
........g.# #..# #.#...
#........# ##.### #.#...
#.......######...###.....
.........'..........'.....
##.......########..##.....
#.......# ##....####
#..:....# #.....###
#.....$.# ####........


You could see an endoplasm, 7 goblins and a ball python.

Vanquished Creatures
  An adder (D:2)
  3 gnolls (D:2)
  3 ball pythons
  3 endoplasms (D:1)
  3 giant cockroaches
  4 goblins (D:2)
  4 hobgoblins
  5 bats
  A frilled lizard (D:1)
  4 kobolds
  5 rats
36 creatures vanquished.

Notes
Turn   | Place    | Note
-------+----------+-------------------------------------------
     0 | D:1      | NinjaNoafa the Barachi Hunter began the quest for the Orb.
     0 | D:1      | Reached XP level 1. HP: 17/17 MP: 1/1
    33 | D:1      | Reached skill level 1 in Stealth
   134 | D:1      | Reached XP level 2. HP: 23/23 MP: 2/2
   509 | D:2      | Reached XP level 3. HP: 28/28 MP: 3/3
   731 | D:2      | Reached XP level 4. HP: 35/35 MP: 4/4
   790 | D:2      | Noticed Robin
   791 | D:2      | Reached skill level 1 in Armour
   804 | D:2      | Slain by a goblin

Illustrated notes

Levels and vault maps discovered:
D:1:      dpeg_arrival_tiny_d, layout_rooms, st_stairs_3
D:2:      layout_basic, uniq_robin

Skill      XL: |  1  2  3  4 |
---------------+-------------+-----
Stealth        | 1 |  1.9
Fighting       | 3 |  3.1
Armour         | 1 |  1.0
Ranged Weapons | |  4.7
Dodging        | |  2.6

Action                   |  1- 3 |  4- 6 || total
-------------------------+-------+-------++-------
Melee: Unarmed           |       |     1 ||     1
 Fire: Shortbow          |    78 |    11 ||    89
 Abil: Hop               |     2 |     1 ||     3
  Use: Potion            |       |     1 ||     1
Armor: Leather armour    |     7 |     6 ||    13
Dodge: Dodged            |    16 |    11 ||    27

Table legend: (Time is in decaauts)
 A = Elapsed time spent in this place.
 B = Non-inter-level travel time spent in this place.
 C = Inter-level travel time spent in this place.
 D = Time resting spent in this place.
 E = Time spent auto-exploring this place.
 F = Levels seen in this place.
 G = Mean time per level.
                   A        B        C        D        E       F      G
               +--------+--------+--------+--------+--------+-----+--------+
         Total |    965 |    933 |     32 |      0 |    717 |   2 |  482.5 |
       Dungeon |    965 |    933 |     32 |      0 |    717 |   2 |  482.5 |
               +--------+--------+--------+--------+--------+-----+--------+

Top non-repeatable levels by time:
     D:1: 494 daAuts
     D:2: 470 daAuts
